 Dungeon Crawl Stone Soup version 0.24.0-10-g970556be89 (webtiles) character file.

Game seed: 6006517879136172293, levelgen mode: deterministic

3514 Arixos the Skirmisher (level 9, -18/72 HPs)
             Began as a Demonspawn Monk on Nov 3, 2019.
             Was a Believer of Ru.
             Demolished by a sun demon (19 damage)
             ... summoned by an orc high priest
             ... in a bailey.
             The game lasted 00:27:07 (6873 turns).

Arixos the Skirmisher (Demonspawn Monk)             Turns: 6873, Time: 00:27:08

Health: -18/72     AC: 15    Str: 14      XL:     9   Next: 81%
Magic:  9/9        EV:  9    Int: 10 (12) God:    Ru [**....]
Gold:   81         SH:  0    Dex: 16      Spells: 8/8 levels left

rFire    + + .     SeeInvis +   t - +6 flail (drain)
rCold    . . .     Gourm    .   (no shield)
rNeg     . . .     Faith    .   w - +0 chain mail {rF+}
rPois    .         Spirit   .   g - +0 helmet of the Doge {rF+}
rElec    .         Reflect  .   d - +0 cloak
rCorr    .         Harm     .   (no gloves)
MR       .....                  (no boots)
Stlth    ..........             (no amulet)
HPRegen  0.22/turn              (no ring)
MPRegen  0.11/turn              r - ring of see invisible

@: lightly drained
A: hooves 2, molten scales 2, spiny 1, inability to use devices
a: Renounce Religion


You were in a bailey.
You worshipped Ru.
Ru was pleased with you.
You were not hungry.

You visited 2 branches of the dungeon, and saw 9 of its levels.
You also visited: Bailey.

You collected 257 gold pieces.
You spent 176 gold pieces at shops.

Inventory:

Hand Weapons
 t - a +6 flail of draining (weapon)
Missiles
 v - 11 poisoned darts (quivered)
Armour
 d - a +0 cloak (worn)
 g - the +0 helmet of the Doge (worn) {rF+}
   (You took it off Robin on level 2 of the Dungeon)

   It protects you from fire.
 w - a +0 chain mail of fire resistance (worn)
Jewellery
 r - a ring of see invisible (right hand)
Scrolls
 a - 4 scrolls of teleportation
 c - 7 scrolls of identify
 e - a scroll of noise
 f - 4 scrolls of amnesia
 i - a scroll of fear
 p - 3 scrolls of remove curse
Potions
 h - 4 potions of brilliance {unknown}
 k - a potion of lignification {unknown}
 l - 2 potions of mutation {unknown}
 m - 5 potions of curing
 n - a potion of berserk rage {unknown}
 o - a potion of invisibility {unknown}
 q - a potion of might
 s - a potion of cancellation {unknown}
 u - a potion of degeneration {unknown}
Comestibles
 b - 14 rations
 j - 4 chunks of flesh


   Skills:
 + Level 7.2(7.1) Fighting
 * Level 6.7 Maces & Flails
   Level 1.8(1.7) Polearms
 + Level 5.9(5.8) Armour
 + Level 6.6(6.5) Dodging
 - Level 1.7 Stealth
 - Level 3.4 Unarmed Combat


You had 8 spell levels left.
You didn't know any spells.
Your spell library was empty.

Dungeon Overview and Level Annotations

Branches:
Dungeon (8/15)             Temple (1/1) D:6          Bailey (1/1)
   Lair: D:8-11

Altars:
Ashenzari
Cheibriados
Dithmenos
Elyvilon
Fedhas
Gozag
Hepliaklqana
Kikubaaqudgha
Makhleb
Nemelex Xobeh
Okawaru
Qazlal
Ru
Sif Muna
Trog
Uskayaw
Wu Jian
Xom
Yredelemnul
Zin
The Shining One

Shops:
D:4 =   D:6 !


Innate Abilities, Weirdness & Mutations

You have hoof-like feet.
You are mostly covered in molten scales. (AC +3)
You are partially covered in sharp spines.
You cannot study or use magical devices.


Message History

You kill the orc warrior!
The hellwing hits you but does no damage.
The hellwing hits you.
* * * LOW HITPOINT WARNING * * *
The orc high priest splashes around in the water.
You hit the goblin but do no damage.
The sun demon hits you but does no damage.
The hellwing is stunned by your will and fails to attack.
The goblin hits you with a +0 hand axe.
* * * LOW HITPOINT WARNING * * *
You sock the goblin!
You kill the goblin!
The sun demon is struck by your spines.
The sun demon hits you but does no damage.
The orc high priest splashes around in the water.
The hellwing is struck by your spines. The hellwing completely misses you.
The hellwing hits you.
* * * LOW HITPOINT WARNING * * *
The sun demon hits you!!
You die...

#.8.## ###)8.#
#.....#######.K3..#
#.8...#.....#..o8.#
.....#.....#35g..#
#..#..⌠..#5o####
#..'.....o..#
#..')))§.'o.#
#####'5K#####
#.....g5o@4.#
#####≈≈≈≈...3o≈≈######
≈≈≈≈≈≈≈≈≈...≈≈≈≈≈≈≈≈≈≈
≈≈≈≈≈≈≈≈≈...≈≈≈≈≈≈≈≈≈≈
≈≈≈≈≈≈≈≈≈...≈≈≈≈≈≈≈≈≈≈
≈≈≈≈≈≈≈≈≈...≈≈≈≈≈≈≈≈≈≈
≈≈≈≈≈≈.........≈≈≈≈≈≈≈
#######.......########
#.......#


You could see an orc high priest, a sun demon, a hellwing, a kobold
demonologist, an orc warrior, an iron imp, a white imp and a hobgoblin.

Vanquished Creatures
  2 hippogriffs
  A steam dragon (D:5)
  Edmund (D:4)
  Menkaure (D:4)
  2 orc warriors (Bailey)
  2 necrophages
  An ice beast (D:7)
  2 ogres
  A sky beast (D:7)
  3 phantoms
  2 centaurs
  4 bullfrogs
  2 scorpions (D:7)
  5 wights (D:7)
  2 electric eels (Bailey)
  A bullfrog zombie (D:7)
  A jelly (D:6)
  A bullfrog skeleton (D:4)
  3 hounds
  3 orc priests
  Crazy Yiuf (D:4)
  An iguana (D:7)
  2 centaur skeletons
  5 orc wizards
  Terence (D:2)
  5 worker ants
  3 hound skeletons
  Robin (D:2)
  12 gnolls
  4 adders
  A shadow imp (D:8)
  An ooze (D:1)
  2 adder skeletons
  A worm (D:1)
  A dart slug (D:2)
  8 leopard geckos
  23 orcs
  7 giant cockroaches
  22 goblins
  14 hobgoblins
  3 jackals (D:6)
  A quokka (D:8)
  5 ball pythons
  5 bats
  7 frilled lizards
  A jackal skeleton (D:4)
  8 kobolds
  2 leopard gecko skeletons
  A quokka skeleton (D:6)
  3 rats
191 creatures vanquished.

Notes
Turn   | Place    | Note
-------+----------+-------------------------------------------
     0 | D:1      | Arixos the Demonspawn Monk began the quest for the Orb.
     0 | D:1      | Reached XP level 1. HP: 18/18 MP: 1/1
   315 | D:1      | Gained mutation: You are partially covered in sharp spines.
                  | [demonic ancestry]
   315 | D:1      | Reached XP level 2. HP: 24/24 MP: 2/2
   506 | D:1      | Reached skill level 1 in Armour
   631 | D:1      | Gained mutation: You are partially covered in molten
                  | scales. (AC +2) [demonic ancestry]
   631 | D:1      | Reached XP level 3. HP: 29/29 MP: 3/3
   766 | D:2      | Identified the +0 helmet of the Doge {rF+}
   766 | D:2      | Noticed Robin
  1058 | D:2      | Killed Robin
  1319 | D:2      | Noticed Terence
  1339 | D:2      | Killed Terence
  1339 | D:2      | Reached XP level 4. HP: 21/36 MP: 4/4
  1718 | D:2      | Found a sacrificial altar of Ru.
  1718 | D:2      | Found a faded altar of an unknown god.
  1734 | D:2      | Found an iron altar of Okawaru.
  1736 | D:2      | Found a faded altar of an unknown god.
  1738 | D:2      | Found a snail-covered altar of Cheibriados.
  2103 | D:2      | Gained mutation: You have large cloven feet. [demonic
                  | ancestry]
  2103 | D:2      | Reached XP level 5. HP: 37/42 MP: 5/5
  2204 | D:3      | Reached skill level 4 in Fighting
  2673 | D:3      | Gained mutation: You are mostly covered in molten scales.
                  | (AC +3) [demonic ancestry]
  2673 | D:3      | Reached XP level 6. HP: 35/49 MP: 6/6
  3065 | D:4      | Found Feank's Jewellery Shop.
  3132 | D:4      | Reached skill level 1 in Polearms
  3146 | D:4      | Noticed Edmund
  3157 | D:4      | Killed Edmund
  3157 | D:4      | Reached XP level 7. HP: 29/55 MP: 7/7
  3385 | D:4      | Reached skill level 5 in Fighting
  3385 | D:4      | Reached skill level 1 in Maces & Flails
  3398 | D:4      | Found a shattered altar of Ashenzari.
  3563 | D:4      | Noticed Menkaure
  3569 | D:4      | Killed Menkaure
  3709 | D:4      | Found a runed translucent door.
  3710 | D:4      | Noticed Crazy Yiuf
  3718 | D:4      | Killed Crazy Yiuf
  3800 | D:5      | Entered Level 5 of the Dungeon
  3913 | D:5      | Noticed a steam dragon
  3922 | D:5      | Killed a steam dragon
  3922 | D:5      | Reached XP level 8. HP: 46/63 MP: 8/8
  4138 | D:5      | Found a white marble altar of Elyvilon.
  4263 | D:5      | Reached skill level 5 in Dodging
  4420 | D:5      | You fall into a shaft and drop 2 floors!
  4476 | D:7      | Noticed a hippogriff
  4497 | D:7      | Killed a hippogriff
  4497 | D:7      | Reached skill level 6 in Fighting
  4650 | D:7      | Reached skill level 5 in Maces & Flails
  4650 | D:7      | Reached skill level 5 in Armour
  4650 | D:7      | Gained mutation: You have hoof-like feet. [demonic
                  | ancestry]
  4650 | D:7      | Reached XP level 9. HP: 30/70 MP: 9/9
  5206 | D:6      | Found Fuecyucona's Distillery.
  5209 | D:6      | Bought 2 potions of heal wounds for 110 gold pieces
  5209 | D:6      | Bought 2 potions of curing for 66 gold pieces
  5322 | D:6      | Found a staircase to the Ecumenical Temple.
  5333 | Temple   | Entered the Ecumenical Temple
  5693 | D:2      | Became a worshipper of Ru the Awakened
  5700 | D:2      | Gained mutation: You cannot study or use magical devices.
                  | [Ru sacrifice]
  5700 | D:2      | Reached * piety under Ru
  5700 | D:2      | Reached ** piety under Ru
  6331 | D:7      | Found a burning altar of Makhleb.
  6607 | D:8      | Reached skill level 7 in Fighting
  6623 | D:8      | Found a glowing silver altar of Zin.
  6675 | D:8      | Found a flagged portal.
  6685 | Bailey   | Entered a bailey
  6831 | Bailey   | Found an iron altar of Okawaru.
  6831 | Bailey   | Noticed a kobold demonologist
  6831 | Bailey   | Noticed an orc high priest
  6864 | Bailey   | Noticed a hellwing
  6870 | Bailey   | Noticed a sun demon
  6873 | Bailey   | HP: 1/72 [hellwing[an orc high priest] (6)]
  6873 | Bailey   | Demolished by a sun demon

Levels and vault maps discovered:
D:1:      matt_arrival_diagonals, layout_loops_ring, st_stairs_13,
          hangedman_decor_slide_cut, serial_bayou_pond_b
D:2:      layout_rooms, chequers_temple_overflow_minitemple, uniq_terence,
          uniq_robin
D:3:      layout_basic, first_ration
D:4:      layout_loops_cross, evilmike_ruin_ashenzari, serial_shops,
          nicolae_shop_waterfront, uniq_crazy_yiuf_cottage, uniq_menkaure,
          uniq_edmund
D:5:      layout_loops_ring, elyvilon_altar_3
D:6:      layout_gridville, minmay_temple_entry_large_hall, serial_shops,
          nicolae_shop_behind_doors, hex_large
D:7:      layout_rooms, makhleb_blood_cavern_becter, minivault_4
D:8:      layout_layer_cave, enter_bailey_3, basic_altar, grunt_livestock
Temple:   eino_temple_scatter_basement
Bailey:   bailey_axe_of_yendor_kennysheep, bailey

Skill      XL: |  1  2  3  4  5  6  7  8  9 |
---------------+----------------------------+-----
Armour         | 1 2 3 4 5 |  5.9
Dodging        | 3 4 5 6 |  6.6
Unarmed Combat | 3 |  3.4
Fighting       | 4 5 6 7 |  7.2
Polearms       | 1 |  1.8
Maces & Flails | 2 5 6 |  6.7
Stealth        | |  1.7

Action                   |  1- 3 |  4- 6 |  7- 9 || total
-------------------------+-------+-------+-------++-------
Melee: Unarmed           |   131 |    87 |       ||   218
       Halberd           |       |    44 |     5 ||    49
       Kick              |       |    14 |    53 ||    67
       Flail             |       |       |   218 ||   218
       Punch             |       |       |     1 ||     1
Invok: Sacrifice Artific |       |       |     1 ||     1
  Use: Scroll            |       |       |     6 ||     6
       Potion            |       |       |     2 ||     2
  Eat: Chunk             |     1 |     6 |    12 ||    19
Armor: Ring mail         |    34 |       |       ||    34
       Scale mail        |       |    52 |    24 ||    76
       Chain mail        |       |       |   120 ||   120
Dodge: Dodged            |    62 |    64 |   103 ||   229
